 Dungeon Crawl Stone Soup version 0.27-a0-1036-g8e1b44f6bd (webtiles) character file.

Game seed: 14447000621910504996

535 tardwrangler69 the Digger (level 7, -1/50 HPs)
             Began as a Black Draconian Earth Elementalist on Apr 18, 2021.
             Slain by an orc
             ... wielding a +0 flail
              (6 damage)
             ... on level 5 of the Dungeon.
             The game lasted 00:03:55 (4503 turns).

tardwrangler69 the Digger (DrEE)                    Turns: 4503, Time: 00:03:56

Health: -1/50      AC: 11    Str: 10    XL:     7   Next: 4%
Magic:  11/12      EV: 12    Int: 17    God:
Gold:   162        SH:  0    Dex: 12    Spells: 4/13 levels left

rFire    . . .     SeeInvis .   d - +0 trident
rCold    . . .     Faith    .   (no shield)
rNeg     . . .     Spirit   .   (armour unavailable)
rPois    .         Reflect  .   (helmet restricted)
rElec    +         Harm     .   g - +1 cloak
rCorr    .         Rampage  .   (no gloves)
Will     .....                  a - +2 pair of boots {Fly}
Stlth    ++........             (no amulet)
HPRegen  0.16/turn              (no ring)
MPRegen  0.13/turn              (no ring)

@: flying
A: breathe lightning, AC +6, unfitting armour, electricity resistance,
cold-blooded
a: Breathe Lightning


You were on level 5 of the Dungeon.
You visited 1 branch of the dungeon, and saw 5 of its levels.

You collected 162 gold pieces.

Inventory:

Hand Weapons
 d - a +0 trident (weapon)
Missiles
 b - 48 stones
Armour
 a - a +2 pair of boots of flying (worn)
 g - a +1 cloak (worn)
Jewellery
 i - a ring of flight
Wands
 m - a wand of paralysis (12)
Scrolls
 e - a scroll of enchant armour {unknown}
 h - 2 scrolls of identify {unknown}
 j - a scroll of fear {unknown}
 k - a scroll of amnesia {unknown}
Potions
 c - a potion of heal wounds {unknown}
 f - a potion of haste {unknown}
 l - a potion of cancellation {unknown}
 n - a potion of degeneration {unknown}


   Skills:
 - Level 1.7 Dodging
 - Level 1.7 Stealth
 + Level 3.9 Spellcasting
 * Level 3.1 Conjurations
 - Level 1.0 Transmutations
 * Level 5.1 Earth Magic


You had 4 spell levels left.
You knew the following spells:

 Your Spells              Type           Power      Damage    Failure   Level
a - Sandblast             Erth           40%        2d10      1%          1
b - Stone Arrow           Conj/Erth      34%        3d9       9%          3
c - Lee's Rapid Deconstr  Erth           10%        3d9*      47%         5

Your spell library contained the following spells:

 Spells                   Type           Power      Damage    Failure   Level
 Passwall                 Tmut/Erth      10%        N/A       7%          2
 Animate Skeleton         Necr           6%         N/A       16%         1
 Pain                     Necr           12%        1d4       16%         1
 Petrify                  Tmut/Erth      13%        N/A       41%         4
 Vampiric Draining        Necr           1%         2d6       43%         3
 Animate Dead             Necr           1%         N/A       85%         4
 Agony                    Necr           3%         N/A       99%         5


Dungeon Overview and Level Annotations

Branches:
Dungeon (5/15)
 Temple: D:4-7

Altars:
Cheibriados

Annotations:
D:5 Dowan


Innate Abilities, Weirdness & Mutations

You can breathe wild blasts of lightning.
Your glossy black scales are hard. (AC +6)
You cannot fit into any form of body armour.
You are resistant to electric shocks. (rElec)
You are cold-blooded and may be slowed by cold attacks.


Message History

You can breathe wild blasts of lightning.
You feel insulated.
You hit the orc.
The orc is severely wounded.
The orc closely misses you.
An orc comes into view. It is wielding a +0 hand axe.
The orc closely misses you. The orc hits you but does no damage.
The orc hits you but does no damage. The orc hits you with a +0 flail!
The orc barely misses you. The orc closely misses you.
The orc barely misses you. x2
The orc hits you but does no damage. The orc hits you with a +0 flail!
The orc hits you but does no damage. The orc misses you.
The orc hits you but does no damage. The orc hits you with a +0 flail.
The orc closely misses you. The orc hits you but does no damage.
The orc completely misses you. The orc hits you but does no damage.
The orc closely misses you. The orc hits you with a +0 flail.
The orc completely misses you. The orc misses you.
The orc hits you but does no damage. The orc hits you with a +0 flail!
The orc barely misses you. x2
The orc hits you but does no damage. The orc hits you with a +0 flail.
The orc misses you. The orc hits you but does no damage.
The orc barely misses you. The orc closely misses you.
The orc hits you but does no damage. The orc closely misses you.
The orc hits you but does no damage. The orc barely misses you.
The orc hits you but does no damage. The orc hits you with a +0 flail.
The orc closely misses you. The orc barely misses you.
The orc hits you but does no damage. The orc misses you.
The orc hits you with a +0 hand axe. The orc closely misses you.
The orc hits you with a +0 hand axe.
* * * LOW HITPOINT WARNING * * *
The orc closely misses you. The orc closely misses you.
The orc completely misses you. The orc barely misses you.
The orc hits you with a +0 flail!
* * * LOW HITPOINT WARNING * * *
The orc barely misses you. The orc hits you but does no damage.
The orc hits you with a +0 hand axe.
* * * LOW HITPOINT WARNING * * *
The orc hits you with a +0 flail.
You die...

#.# #.#
#.# #..
#.# #.#
#o# #
##@##.##
#..o...##
#[#.......
#<)....###
#####.##
.# #


You could see 2 orcs.

Vanquished Creatures
  A hound (D:3)
  A jelly (D:4)
  A bullfrog skeleton (D:4)
  A centaur skeleton (D:5)
  4 orc priests
  Natasha (D:2)
  2 iguanas
  2 orc wizards
  5 adders
  2 ufetubi (D:4)
  5 dart slugs
  3 worms
  9 orcs
  5 ball pythons
  10 bats
  8 endoplasms
  2 giant cockroaches (D:1)
  6 goblins
  8 hobgoblins
  12 jackals
  5 kobolds
  3 quokkas
  3 rats
99 creatures vanquished.

Notes
Turn   | Place    | Note
-------+----------+-------------------------------------------
     0 | D:1      | tardwrangler69 the Draconian Earth Elementalist began the
                  | quest for the Orb.
     0 | D:1      | Reached XP level 1. HP: 14/14 MP: 3/3
   333 | D:1      | Found a faded altar of an unknown god.
   399 | D:1      | Reached XP level 2. HP: 19/20 MP: 5/5
  1191 | D:1      | Reached XP level 3. HP: 26/26 MP: 6/6
  1458 | D:2      | Reached skill level 4 in Earth Magic
  1827 | D:2      | Noticed Natasha
  1831 | D:2      | Killed Natasha
  1832 | D:2      | Reached XP level 4. HP: 28/33 MP: 4/8
  2444 | D:3      | Reached skill level 5 in Earth Magic
  2444 | D:3      | Reached XP level 5. HP: 28/38 MP: 6/9
  2569 | D:3      | Learned a level 3 spell: Stone Arrow
  2575 | D:3      | Learned a level 5 spell: Lee's Rapid Deconstruction
  3030 | D:4      | Reached skill level 1 in Conjurations
  3504 | D:4      | Reached XP level 6. HP: 45/45 MP: 11/11
  3580 | D:4      | Found a snail-covered altar of Cheibriados.
  3805 | D:5      | Entered Level 5 of the Dungeon
  3813 | D:5      | Noticed Dowan
  4191 | D:5      | Reached skill level 6 in Earth Magic
  4475 | D:5      | Your scales start taking on a glossy black colour.
  4475 | D:5      | Reduced skill Earth Magic to level 5
  4475 | D:5      | Reached XP level 7. HP: 50/50 MP: 7/12
  4475 | D:5      | Gained mutation: You are resistant to electric shocks.
                  | (rElec) [Black Draconian growth]
  4503 | D:5      | Slain by an orc

Illustrated notes

Levels and vault maps discovered:
D:1:      mrwooster_arrival_statue, layout_rooms,
          hellmonk_ecumenical_altar_slurped_away, due_unseen_surprise
D:2:      layout_rooms, uniq_natasha
D:3:      layout_loops_cross, chequers_serial_rivers_room_b, minmay_between
D:4:      layout_basic, cheibrodos_worm_habitat
D:5:      layout_loops_ring, uniq_grinder, uniq_edmund, uniq_duvessa, uniq_pikel

Skill      XL: |  1  2  3  4  5  6 |
---------------+-------------------+-----
Earth Magic    | 4 5 5 |  5.1
Spellcasting   | 3 |  3.9
Conjurations   | 1 3 |  3.1
Dodging        | |  1.7
Stealth        | |  1.7
Transmutations | |  1.0

Action                   |  1- 3 |  4- 6 |  7- 9 || total
-------------------------+-------+-------+-------++-------
Melee: Unarmed           |    12 |       |       ||    12
       Short sword       |     8 |       |       ||     8
       Trident           |    89 |   154 |     1 ||   244
       Tailslap          |     3 |    15 |       ||    18
 Cast: Sandblast         |    18 |    48 |       ||    66
 Stab: Sleeping          |     6 |     6 |       ||    12
       Distracted        |       |     1 |       ||     1
Armor: Skin              |    48 |    98 |    15 ||   161
Dodge: Dodged            |   112 |   144 |    28 ||   284

Table legend: (Time is in decaauts)
 A = Elapsed time spent in this place.
 B = Non-inter-level travel time spent in this place.
 C = Inter-level travel time spent in this place.
 D = Time resting spent in this place.
 E = Time spent auto-exploring this place.
 F = Levels seen in this place.
 G = Mean time per level.
                   A        B        C        D        E       F      G
               +--------+--------+--------+--------+--------+-----+--------+
         Total |   4592 |   4409 |    183 |    125 |   3523 |   5 |  918.4 |
       Dungeon |   4592 |   4409 |    183 |    125 |   3523 |   5 |  918.4 |
               +--------+--------+--------+--------+--------+-----+--------+

Top non-repeatable levels by time:
     D:4: 1715 daAuts
     D:1: 1458 daAuts
     D:3: 782 daAuts
     D:2: 547 daAuts
     D:5: 87 daAuts
